 Dungeon Crawl Stone Soup version 0.30-a0-857-gcaf70739d4 (webtiles) character file.

Game seed: 9010266820637664921

111 cforsyth the Magician (level 4, 0/24 HPs)
             Began as a Deep Elf Earth Elementalist on Mar 5, 2023.
             Slain by Terence
             ... wielding a +0 mace
              (4 damage)
             ... on level 3 of the Dungeon.
             The game lasted 00:02:08 (1915 turns).

cforsyth the Magician (Deep Elf Earth Elementalist) Turns: 1915, Time: 00:02:09

Health: 0/24       AC:  2    Str:  5    XL:     4   Next: 62%
Magic:  9/13       EV: 12    Int: 22    God:
Gold:   224        SH:  0    Dex: 15    Spells: 12/13 levels left

rFire   . . .      SeeInvis .    (no weapon)
rCold   . . .      Faith    .    (no shield)
rNeg    . . .      Spirit   .    a - +0 robe
rPois   .          Reflect  .    (no helmet)
rElec   .          Rampage  .    (no cloak)
rCorr   .                        (no gloves)
Will    .....                    (no boots)
Stlth   ++                       (no amulet)
HPRegen 0.24/turn                (no ring)
MPRegen 0.13/turn                (no ring)

@: no status effects
A: no striking features
a: no special abilities


You were on level 3 of the Dungeon.
You visited 1 branch of the dungeon, and saw 3 of its levels.

You collected 224 gold pieces.

Inventory:

Armour
 a - a +0 robe (worn)
Scrolls
 e - 2 scrolls of fog {unknown}
 f - 2 scrolls of immolation {unknown}
 g - a scroll of fear {unknown}
 h - a scroll of silence {unknown}
Potions
 b - 2 potions of magic
 c - a potion of attraction {unknown}
 d - 5 potions of curing {unknown}


   Skills:
 - Level 2.4 Dodging
 - Level 2.4 Stealth
 + Level 5.1 Spellcasting
 - Level 1.1 Transmutations
 + Level 4.8 Earth Magic


You had 12 spell levels left.
You knew the following spells:

 Your Spells              Type           Power      Damage    Failure   Level
a - Sandblast             Erth           52%        2d12      1%          1

Your spell library contained the following spells:

 Spells                   Type           Power      Damage    Failure   Level
 Passwall                 Tmut/Erth      15%        N/A       4%          2
 Stone Arrow              Conj/Erth      32%        3d9       11%         3
 Petrify                  Tmut/Erth      18%        N/A       28%         4
 Borgnjor's Vile Clutch   Necr/Erth      8%         N/A       71%         5
 Alistair's Intoxication  Tmut/Pois      5%         N/A       91%         5
 Eringya's Noxious Bog    Tmut/Pois      4%         N/A       100%        6


Dungeon Overview and Level Annotations

Branches:
Dungeon (3/15)

Altars:
Elyvilon

Shops:
D:1 :

Annotations:
D:3 Terence


Message History

You can't see any susceptible monsters within range! (Use Z to cast anyway.)
You can't see any susceptible monsters within range! (Use Z to cast anyway.)
You see here a bat corpse.
d - 5 viscous emerald potions (gained 1)
You now have 224 gold pieces (gained 10).
Things that are here:
a +0 robe; a hobgoblin corpse A kobold comes into view.
It is wielding a +0 dagger.
A kobold is nearby!
A kobold is nearby!
A kobold is nearby!
A kobold is nearby!
The blast of sand hits the kobold!
You kill the kobold!
You can't see any susceptible monsters within range! (Use Z to cast anyway.)
You can't see any susceptible monsters within range! (Use Z to cast anyway.)
You see here a +0 dagger.
Found 4 stones.
You see here 4 stones.
Found a ring mail.
Terence the Incautious comes into view.
He is wielding a +0 mace.
Terence is nearby!
You see here a +0 ring mail.
You can't see any susceptible monsters within range! (Use Z to cast anyway.)
The blast of sand hits Terence.
Terence is moderately wounded.
The blast of sand hits Terence!
Terence is almost dead.
The blast of sand hits Terence but does no damage.
Terence is severely wounded.
Terence closely misses you. Terence hits you with a +0 mace!
The blast of sand hits Terence.
Terence is almost dead.
Terence closely misses you.
The blast of sand hits Terence but does no damage.
Terence is almost dead.
Terence hits you with a +0 mace!
* * * LOW HITPOINT WARNING * * *
Terence hits you with a +0 mace.
You die...

.⌠...#...#
#...............
.........#
#..............
.⌠.......#
##..#####.####
.....#..###..####..
.#
.#.#.#)............
#
.....#.#####..##.#.
.#####....# #.##.#
. ####.# #.##@# #.#
#.##@# #.# #.##[#
#.###.##.#
#.#.(...#..#
#.#.#...##....
#.....#.# #####
###.#.....
#......## ######.#


You could see Terence.

Vanquished Creatures
  An orc priest (D:3)
  A worm (D:2)
  4 dart slugs
  3 orcs (D:3)
  7 bats
  9 endoplasms
  3 giant cockroaches
  2 goblins
  4 hobgoblins
  7 jackals
  5 kobolds
  3 quokkas
  5 ball pythons
  A frilled lizard (D:2)
  3 rats (D:1)
58 creatures vanquished.

Notes
Turn   | Place    | Note
-------+----------+-------------------------------------------
     0 | D:1      | cforsyth the Deep Elf Earth Elementalist began the quest
                  | for the Orb.
     0 | D:1      | Reached XP level 1. HP: 10/10 MP: 6/6
   391 | D:1      | Reached XP level 2. HP: 15/15 MP: 5/8
   657 | D:1      | Reached skill level 4 in Spellcasting
   779 | D:1      | Reached XP level 3. HP: 19/19 MP: 8/10
   832 | D:1      | Found Hesucra's Book Emporium.
  1668 | D:3      | Reached XP level 4. HP: 24/24 MP: 4/12
  1802 | D:3      | Reached skill level 5 in Spellcasting
  1833 | D:3      | Found a white marble altar of Elyvilon.
  1908 | D:3      | Noticed Terence
  1915 | D:3      | Slain by Terence

Illustrated notes

Levels and vault maps discovered:
D:1:      evilmike_arrival_crescent, layout_loops_ring, serial_shops, shop,
          minmay_misc_feat_rows
D:2:      layout_rooms, serial_corexii_hall, corexii_hall_statues_deadend,
          corexii_hall_statues_deadend
D:3:      layout_loops_ring, elyvilon_altar_5, chequers_serial_rivers_micro_c,
          uniq_terence, uniq_robin, uniq_ijyb

Skill      XL: |  1  2  3  4 |
---------------+-------------+-----
Spellcasting   | 4 5 |  5.1
Earth Magic    | 4 |  4.8
Dodging        | |  2.4
Stealth        | |  2.4
Transmutations | |  1.1

Action                     |  1- 3 |  4- 6 || total
---------------------------+-------+-------++-------
  Melee: Unarmed           |     1 |     4 ||     5
   Cast: Sandblast         |    59 |    19 ||    78
 Armour: Robe              |     5 |     1 ||     6
  Dodge: Dodged            |     9 |    10 ||    19

Table legend: (Time is in decaauts)
 A = Elapsed time spent in this place.
 B = Non-inter-level travel time spent in this place.
 C = Inter-level travel time spent in this place.
 D = Time resting spent in this place.
 E = Time spent auto-exploring this place.
 F = Levels seen in this place.
 G = Mean time per level.
                   A        B        C        D        E       F      G
               +--------+--------+--------+--------+--------+-----+--------+
         Total |   1953 |   1915 |     38 |      0 |   1657 |   3 |  651.0 |
       Dungeon |   1953 |   1915 |     38 |      0 |   1657 |   3 |  651.0 |
               +--------+--------+--------+--------+--------+-----+--------+

Top non-repeatable levels by time:
     D:1: 960 daAuts
     D:2: 606 daAuts
     D:3: 387 daAuts
